 Dungeon Crawl Stone Soup version 0.24-a0-489-g1c7b743a30 (webtiles) character file.

Game seed: 13646937462546390272

139 Inarius the Chucker (level 5, -1/41 HPs)
             Began as a Demonspawn Hunter on July 11, 2019.
             Slain by a centaur (4 damage)
             ... on level 4 of the Dungeon.
             The game lasted 00:02:59 (2647 turns).

Inarius the Chucker (Demonspawn Hunter)             Turns: 2647, Time: 00:03:00

Health: -1/41      AC:  9    Str: 11 (13) XL:     5   Next: 1%
Magic:  0/5        EV:  5    Int: 11 (12) God:
Gold:   228        SH:  0    Dex: 13 (14) Spells: 4/4 levels left

rFire    . . .     SeeInvis .   a - +0 short sword
rCold    . . .     Gourm    .   (no shield)
rNeg     . . .     Faith    .   e - +0 chain mail
rPois    .         Spirit   +   (helmet restricted)
rElec    .         Reflect  .   g - +0 cloak
rCorr    .         Harm     .   (no gloves)
MR       .....                  (no boots)
Stlth    ..........             (no amulet)
HPRegen  0.13/turn              (no ring)
MPRegen  0.09/turn              (no ring)

@: flying
A: horns 1, powered by pain 1, magic shield
a: no special abilities


You were on level 4 of the Dungeon.
You were not hungry.

You visited 1 branch of the dungeon, and saw 4 of its levels.

You collected 228 gold pieces.

Inventory:

Hand Weapons
 a - a +0 short sword (weapon)
Missiles
 c - 6 javelins (quivered)
 d - a throwing net
 n - 4 silver boomerangs
Armour
 e - a +0 chain mail (worn)
 g - a +0 cloak (worn)
 h - a +2 helmet
Jewellery
 p - a +3 ring of intelligence {unknown}
 q - an uncursed amulet of regeneration {unknown}
Scrolls
 b - a scroll of immolation {unknown}
 i - 7 scrolls of identify {unknown}
 j - a scroll of remove curse {unknown}
 k - a scroll of magic mapping {unknown}
 r - a scroll of random uselessness {unknown}
Potions
 m - a potion of flight
Comestibles
 f - 8 rations
 o - a chunk of flesh


   Skills:
 * Level 3.3 Fighting
 + Level 2.0 Short Blades
 - Level 3.6 Throwing
 + Level 2.0 Armour
 + Level 2.3 Dodging
 - Level 0.8 Stealth


You had 4 spell levels left.
You didn't know any spells.
Your spell library was empty.

Dungeon Overview and Level Annotations

Branches:
Dungeon (4/15)
 Temple: D:4-7

Altars:
Ashenzari
Nemelex Xobeh
Ru


Innate Abilities, Weirdness & Mutations

You have a pair of small horns on your head.
You sometimes gain a little power by taking damage.
When hurt, damage is shared between your health and your magic reserves.


Message History

Press: ? - help, Shift-Dir - straight line, f - centaur
Aim: a centaur (moderately wounded)
You throw a throwing net. The throwing net hits the centaur.
The centaur is caught in the net!
The centaur is moderately wounded.
The centaur struggles against the net.
You hit the centaur but do no damage.
The centaur is moderately wounded.
The centaur struggles against the net. x2
The net rips apart, and the centaur comes free!
You hit the centaur.
The centaur is heavily wounded.
The centaur hits you.
* * * LOW HITPOINT WARNING * * *
Your chain mail prevents you from hitting the centaur.
The centaur is moderately wounded.
The centaur hits you.
* * * LOW HITPOINT WARNING * * *
The centaur hits you.
You die...

##...#.# #.# .......# #.#
.......# ##'## # . .......#
##..(##.# .? ##...###
##...(.#.#.#. #....##
##....<..?....
#.....####.....(...#.#.
#........+.....(...+
#.....####.....@...#############
#.....# ##....c..###...#..##..#
#.....# ##.....###.S.#....#.#.
###.### ##...## #SNN....#....
#.# ##+## ############## #.# #.#
##............. #.#
#.###........._.... #.#
##.#................ #.#
##....#.#############


You could see a centaur.

Vanquished Creatures
  A bullfrog skeleton (D:4)
  6 adders (D:2)
  2 worms (D:3)
  3 dart slugs
  A leopard gecko (D:2)
  3 orcs (D:3)
  4 bats
  6 goblins
  5 hobgoblins
  2 quokkas (D:2)
  2 frilled lizards
  7 kobolds
  8 rats
50 creatures vanquished.

Vanquished Creatures (others)
  8 toadstools (D:4)
8 creatures vanquished.

Grand Total: 58 creatures vanquished

Notes
Turn   | Place    | Note
-------+----------+-------------------------------------------
     0 | D:1      | Inarius the Demonspawn Hunter began the quest for the Orb.
     0 | D:1      | Reached XP level 1. HP: 16/16 MP: 1/1
   467 | D:1      | Gained mutation: You have a pair of small horns on your
                  | head. [demonic ancestry]
   467 | D:1      | Reached XP level 2. HP: 21/23 MP: 2/2
   971 | D:2      | Reached skill level 1 in Armour
  1005 | D:2      | Gained mutation: When hurt, damage is shared between your
                  | health and your magic reserves. [demonic ancestry]
  1005 | D:2      | Reached XP level 3. HP: 27/28 MP: 3/3
  1083 | D:2      | Found a sparkling altar of Nemelex Xobeh.
  1169 | D:2      | Reached skill level 1 in Short Blades
  1412 | D:2      | Gained mutation: You sometimes gain a little power by
                  | taking damage. [demonic ancestry]
  1412 | D:2      | Reached XP level 4. HP: 35/35 MP: 2/4
  1953 | D:3      | Found a sacrificial altar of Ru.
  2501 | D:4      | Found a shattered altar of Ashenzari.
  2505 | D:4      | Saw a vision of the Swamp and the Snake Pit.
  2505 | D:4      | Noticed a black mamba
  2505 | D:4      | Noticed a shock serpent
  2505 | D:4      | Noticed a black mamba
  2505 | D:4      | Noticed a mana viper
  2505 | D:4      | Noticed an alligator
  2505 | D:4      | Noticed an alligator
  2506 | D:4      | Noticed a naga sharpshooter
  2506 | D:4      | Noticed a naga sharpshooter
  2506 | D:4      | Noticed an alligator
  2594 | D:4      | Reached XP level 5. HP: 38/41 MP: 5/5
  2630 | D:4      | Noticed a centaur
  2647 | D:4      | Slain by a centaur

Levels and vault maps discovered:
D:1:      tarquinn_simple_flora_water_f, layout_rooms, skrybe_limestone_x
D:2:      layout_loops_corners, first_ration, minmay_liquid_box,
          grunt_ministairs_6, lemuel_tele_altar
D:3:      layout_rooms, nicolae_ru_awakened_eye
D:4:      cheibrodos_fertilizer, layout_loops_corners, gammafunk_ghost_cemetery,
          grunt_ashenzari_visionary [grunt_ashenzari_visionary_swamp,
          grunt_ashenzari_visionary_snake]

Skill      XL: |  1  2  3  4 |
---------------+-------------+-----
Dodging        | 2 |  2.3
Armour         | 1 2 |  2.0
Short Blades   | 1 2 |  2.0
Fighting       | 3 |  3.3
Throwing       | |  3.6
Stealth        | |  0.8

Action                   |  1- 3 |  4- 6 || total
-------------------------+-------+-------++-------
Melee: Short sword       |   153 |    91 ||   244
       Headbutt          |    12 |    29 ||    41
Throw: Javelin           |     4 |       ||     4
       Throwing net      |       |     1 ||     1
  Use: Potion            |       |     2 ||     2
  Eat: Chunk             |     2 |     4 ||     6
Armor: Chain mail        |   138 |    43 ||   181
       Leather armour    |     4 |       ||     4
Dodge: Dodged            |    67 |    28 ||    95

Table legend:
 A = Non-vault XP
 B = Vault XP
 C = Vault XP percentage of total XP
 D = Non-vault monster count
 E = Vault monster count
 F = Vault count percentage of total count
                 A         B        C        D         E       F
            +---------+---------+-------+---------+---------+-------
      Total |     197 |       2 |   1.0 |      48 |       2 |   4.0
            +---------+---------+-------+---------+---------+-------
        D:1 |      13 |       0 |   0.0 |       8 |       0 |   0.0
        D:2 |     114 |       2 |   1.7 |      27 |       2 |   6.9
        D:3 |      29 |       0 |   0.0 |      11 |       0 |   0.0
        D:4 |      41 |       0 |   0.0 |       2 |       0 |   0.0
            +---------+---------+-------+---------+---------+-------
